 Dungeon Crawl Stone Soup version 0.18-a0-1789-gbeff17f (webtiles) character file.

68 macross the Grasshopper (level 4, -2/19 (37) HPs)
             Began as a Ghoul Warper on Apr 21, 2016.
             Was an Initiate of Ashenzari.
             Slain by an ogre
             ... wielding a +0 giant club
              (15 damage)
             ... on level 4 of the Dungeon.
             The game lasted 00:16:47 (3244 turns).

macross the Grasshopper (Ghoul Warper)              Turns: 3244, Time: 00:16:48

HP:   -2/19 (37)    AC:  6    Str: 14    XL:     4   Next: 19%
MP:   5/5           EV:  7    Int: 12    God:    Ashenzari [......]
Gold: 189           SH:  0    Dex:  9    Spells: 2 memorised, 2 levels left

rFire  . . .     SeeInvis .     v - +1 war axe (elec)
rCold  + . .     Gourm    .     A - +0 ring mail
rNeg   + + +     Faith    .     (no shield)
rPois  ∞         Spirit   .     (no helmet)
rElec  .         Dismiss  .     (no cloak)
rCorr  .         Reflect  .     j - +0 pair of gloves
SustAt .         Harm     .     (no boots)
MR     .....                    (no amulet)
Stlth  ++........               o - ring of stealth
                                t - +4 ring of intelligence

@: rotting, constricted, not resistant to hostile enchantments, unstealthy
A: rotting body, claws 1, carnivore 3, cold resistance 1, negative energy
resistance 3, slow regeneration 1, torment resistance, unbreathing
a: Curse Item, Renounce Religion


You were on level 4 of the Dungeon.
You worshipped Ashenzari.
Ashenzari was noncommittal.
You were near starving.

You visited 1 branch of the dungeon, and saw 4 of its levels.

You collected 189 gold pieces.

Inventory:

Hand Weapons
 q - a +1 hand axe
 v - a +1 war axe of electrocution (weapon)
 y - a +0 rapier
Missiles
 e - 4 tomahawks of dispersal (quivered)
Armour
 b - a +0 leather armour
 j - a +0 pair of gloves (worn)
 l - a +0 scale mail of poison resistance
 m - a +0 chain mail
 s - a fire dragon hide
 w - a +0 pair of gloves
 A - a +0 ring mail (worn)
Jewellery
 f - an uncursed ring of protection from cold
 o - a ring of stealth (right hand)
 t - a +4 ring of intelligence (left hand)
Scrolls
 a - 2 scrolls of remove curse
 d - 2 scrolls of blinking
 g - 2 scrolls of teleportation
 n - a scroll of random uselessness
 p - a scroll of identify
Potions
 h - a potion of might {unknown}
 i - a potion of heal wounds {unknown}
 k - a potion of curing {unknown}
 r - a potion of cancellation {unknown}
 u - a potion of cure mutation {unknown}
 z - a potion of agility {unknown}
Books
 c - a book of Spatial Translocations

   Spells                             Type                      Level
   a - Apportation                    Translocation                1
   b - Blink                          Translocation                2
   c - Shroud of Golubria             Charms/Translocation         2
   d - Portal Projectile              Translocation                3
   e - Teleport Other                 Translocation                3
   f - Passage of Golubria            Translocation                4
 x - a book of Unlife

   Spells                             Type                      Level
   a - Recall                         Summoning/Translocation      3
   b - Animate Dead                   Necromancy                   4
   c - Control Undead                 Necromancy                   4
   d - Cigotuvi's Embrace             Necromancy                   5
   e - Death Channel                  Necromancy                   6
   f - Simulacrum                     Ice/Necromancy               6


   Skills:
 + Level 2.9 Fighting
   Level 2.2 Maces & Flails
 + Level 1.0 Throwing
 + Level 1.7 Armour
 + Level 1.8 Dodging
 + Level 0.8 Stealth
 + Level 1.9 Spellcasting
 + Level 3.1 Translocations


You had 2 spell levels left.
You knew the following spells:

 Your Spells              Type           Power        Failure   Level  Hunger
a - Apportation           Tloc           #.........   17%         1    ##.....
b - Portal Projectile     Tloc           #.....       47%         3    ####...


Dungeon Overview and Level Annotations

Branches:
Dungeon (4/15)
 Temple: D:4-7

Altars:
Ashenzari
Okawaru


Innate Abilities, Weirdness & Mutations

Your body is rotting away.
You thrive on raw meat.
You are immune to poison.
You have sharp fingernails.
You are carnivorous and can eat meat at any time.
Your flesh is cold resistant.
You are immune to negative energy.
You regenerate slowly when monsters are visible.
You are immune to unholy pain and torment.
You can survive without breathing.


Message History

An ogre comes into view. It is wielding a giant club.
The ogre shouts!
You slash the jackal!
You kill the jackal!
You are near starving!
You barely miss the adder. The adder bites you.
The ball python closely misses you. The ball python barely misses you.
The adder closely misses you.
You closely miss the adder. You barely miss the ball python.
The adder closely misses you. The ball python closely misses you.
The ball python grabs you. The ball python constricts you.
The adder bites you but does no damage.
The ball python bites you but does no damage.
The ball python constricts you.
You barely miss the ball python. You miss the adder.
The adder bites you but does no damage.
The ball python bites you but does no damage.
The ball python constricts you. The ogre hits you with a giant club!
Ouch! That really hurt!
You die...

.## ..# ####
<..### S..
...... .
#.####....##
...##...........
#......O.......
#.S@S......>
#.###......# ..
....... ##
.<..#.# ....# #
.#.## .... ###..


You could see an ogre, an adder and a ball python.

Vanquished Creatures
  2 adders
  3 dart slugs
  3 giant geckos
  2 orcs
  6 hobgoblins (D:1)
  A jackal (D:4)
  5 kobolds
  A quokka (D:3)
  2 bats (D:3)
  2 giant newts (D:3)
  3 goblins
  10 rats
  A plant (D:1)
41 creatures vanquished.

Notes
Turn   | Place    | Note
--------------------------------------------------------------
     0 | D:1      | macross the Ghoul Warper began the quest for the Orb.
     0 | D:1      | Reached XP level 1. HP: 17/17 MP: 2/2
    42 | D:1      | Reached skill level 1 in Throwing
   142 | D:1      | Reached skill level 1 in Armour
   591 | D:1      | Reached XP level 2. HP: 19/22 MP: 3/3
   783 | D:2      | Reached skill level 3 in Translocations
   786 | D:2      | Reached XP level 3. HP: 26/27 MP: 4/4
   876 | D:2      | Learned a level 3 spell: Portal Projectile
  1032 | D:1      | Found a shattered altar of Ashenzari.
  1118 | D:1      | Became a worshipper of Ashenzari the Shackled
  2909 | D:3      | Reached XP level 4. HP: 15/21 MP: 5/5
  2918 | D:3      | Found an iron altar of Okawaru.
  3240 | D:4      | Noticed an ogre
  3244 | D:4      | Slain by an ogre

Vault maps used:
D:1:      lightli_arrival_flooded_house, serial_forest,
          infiniplex_forest_lined_4_way, infiniplex_forest_end_1,
          infiniplex_forest_lined_3, infiniplex_forest_end_3,
          infiniplex_forest_clump_cross, infiniplex_forest_clump_long,
          infiniplex_forest_lined_room_3, nicolae_ashenzari_panopticon
D:2:      bloody_trog, nicolae_overflow_hidden_temple,
          kennysheep_generic_room_16
D:3:      marbit_many_paths, dk_noncrumbling_3
D:4:      serial_shops, nicolae_shop_stone, first_bread, feat_on_display

Skill      XL: |  1  2 |
---------------+-------+-----
Throwing       | 1 |  1.0
Armour         | 1 |  1.7
Maces & Flails | 2 |  2.2
Translocations | 3 |  3.1
Fighting       | |  2.9
Dodging        | |  1.8
Stealth        | |  0.8
Spellcasting   | |  1.9

Action                   |  1- 3 |  4- 6 || total
-------------------------+-------+-------++-------
Melee: Mace              |    74 |       ||    74
       Club              |    78 |       ||    78
       Hand axe          |    21 |       ||    21
       War axe           |    16 |    22 ||    38
Throw: Tomahawk          |     1 |       ||     1
  Use: Scroll            |     5 |     1 ||     6
  Eat: Meat ration       |     2 |       ||     2
Armor: Leather armour    |     4 |       ||     4
       Scale mail        |    51 |     5 ||    56
       Ring mail         |       |     6 ||     6
Dodge: Dodged            |    72 |    22 ||    94
